 Dungeon Crawl Stone Soup version 0.23.2 (webtiles) character file.

Game seed: 14487131999385386725

23028 Illumine the Blocker (level 12, -1/106 HPs)
             Began as a Minotaur Fighter on Oct 10, 2019.
             Was the Champion of Okawaru.
             Slain by an anaconda (3 damage)
             ... on level 4 of the Lair of Beasts.
             The game lasted 00:16:43 (11697 turns).

Illumine the Blocker (Minotaur Fighter)            Turns: 11697, Time: 00:16:43

Health: -1/106     AC: 18    Str: 26    XL:     12   Next: 68%
Magic:  16/17      EV: 10    Int:  5    God:    Okawaru [******]
Gold:   762        SH: 25    Dex: 10    Spells: 11/11 levels left

rFire    . . .     SeeInvis .   p - +2 falchion (vamp)
rCold    . . .     Gourm    .   S - +0 large shield
rNeg     + . .     Faith    .   h - +2 chain mail {rN+}
rPois    +         Spirit   .   (helmet restricted)
rElec    .         Reflect  +   k - +0 cloak
rCorr    .         Harm     .   (no gloves)
MR       .....                  b - +0 pair of boots
Stlth    ..........             r - +3 amulet of reflection
HPRegen  0.27/turn              Q - ring of poison resistance
MPRegen  0.15/turn              z - +3 ring of slaying

@: about to teleport, heroism, constricted, studying Summonings
A: retaliatory headbutt, horns 2
a: Heroism, Finesse, Renounce Religion


You were on level 4 of the Lair of Beasts.
You worshipped Okawaru.
Okawaru was exalted by your worship.
You were hungry.

You visited 3 branches of the dungeon, and saw 15 of its levels.

You collected 782 gold pieces.
You spent 20 gold pieces at shops.

Inventory:

Hand Weapons
 a - a +0 war axe
 p - a +2 vampiric falchion (weapon)
 U - a +4 demon blade of pain
 V - a +1 long sword of draining
Armour
 b - a +0 pair of boots (worn)
 c - a +0 shield
 h - a +2 chain mail of positive energy (worn)
 k - a +0 cloak (worn)
 R - a +3 ring mail of fire resistance
 S - a +0 large shield (worn)
Jewellery
 i - an uncursed amulet of the gourmand
 o - an uncursed amulet of guardian spirit
 r - a +3 amulet of reflection (around neck)
 y - a +2 ring of evasion
 z - a +3 ring of slaying (right hand)
 P - a cursed amulet of inaccuracy {unknown}
 Q - a ring of poison resistance (left hand)
Wands
 v - a wand of digging (11)
 G - a wand of paralysis (17)
 H - a wand of polymorph (18)
 K - a wand of flame (21)
 M - a wand of acid (3)
 N - a wand of scattershot (9)
 T - a wand of clouds (1)
Scrolls
 g - 5 scrolls of teleportation
 j - 6 scrolls of remove curse
 l - 2 scrolls of enchant weapon {unknown}
 m - 2 scrolls of immolation {unknown}
 q - 3 scrolls of noise {unknown}
 x - 2 scrolls of magic mapping {unknown}
 A - 3 scrolls of fear {unknown}
 D - 5 scrolls of enchant armour {unknown}
 I - 2 scrolls of blinking {unknown}
 J - a scroll of silence {unknown}
 L - 3 scrolls of random uselessness {unknown}
Potions
 d - 4 potions of might
 e - a potion of berserk rage
 n - 2 potions of brilliance
 s - 3 potions of lignification
 t - a potion of haste
 w - 3 potions of magic
 B - 3 potions of agility
 C - 2 potions of resistance
 E - a potion of flight
Books
 F - a manual of Summonings
Comestibles
 f - 26 rations


   Skills:
 + Level 9.9(14.9) Fighting
 + Level 11.6(16.6) Long Blades
 - Level 4.4(9.4) Axes
 + Level 10.0(15.0) Armour
 + Level 8.2(13.2) Dodging
 * Level 12.2(17.2) Shields
 + Level 9.2 Invocations


You had 11 spell levels left.
You didn't know any spells.
Your spell library contained the following spells:

 Spells                   Type           Power        Failure   Level  Hunger
 Magic Dart               Conj           #...         99%         1    ##.....
 Sandblast                Erth           #.....       99%         1    ##.....
 Corpse Rot               Necr           N/A          100%        2    ###....
 Passwall                 Tmut/Erth      #.......     100%        2    ###....
 Searing Ray              Conj           #.....       100%        2    ###....
 Dazzling Spray           Conj/Hex       #.....       100%        3    ####...
 Stone Arrow              Conj/Erth      #.....       100%        3    ####...
 Force Lance              Conj/Tloc      #.......     100%        4    #####..
 Fulminant Prism          Conj/Hex       #.........   100%        4    #####..
 Iskenderun's Mystic Bla  Conj           #.......     100%        4    #####..
 Leda's Liquefaction      Hex/Erth       #.........   100%        4    #####..
 Petrify                  Tmut/Erth      #.......     100%        4    #####..
 Bolt of Magma            Conj/Fire/Erth #.........   100%        5    ######.
 Iskenderun's Battlesphe  Conj/Chrm      #.......     100%        5    ######.
 Lee's Rapid Deconstruct  Erth           #.........   100%        5    ######.
 Summon Forest            Summ/Tloc      #.........   100%        5    ######.
 Venom Bolt               Conj/Pois      #.........   100%        5    ######.
 Hydra Form               Tmut           #.........   100%        6    #######
 Iron Shot                Conj/Erth      #.........   100%        6    #######
 Orb of Destruction       Conj           #.........   100%        7    #######
 Spellforged Servitor     Conj/Summ      #.........   100%        7    #######
 Summon Hydra             Summ           #.........   100%        7    #######


Dungeon Overview and Level Annotations

Branches:
Dungeon (10/15)            Temple (1/1) D:4            Lair (4/6) D:10
  Swamp (0/4) Lair:3
  Snake: Lair:2-4    Spider: Lair:2-4       Orc: D:9-12

Altars:
Ashenzari
Cheibriados
Dithmenos
Elyvilon
Fedhas
Gozag
Hepliaklqana
Kikubaaqudgha
Makhleb
Nemelex Xobeh
Okawaru
Qazlal
Ru
Sif Muna
Trog
Uskayaw
Vehumet
Wu Jian
Xom
Yredelemnul
Zin
The Shining One
Beogh

Shops:
D:5 !(?*

Annotations:
D:6 3 runed translucent doors, Killsnake's ghost, novice HuHu
D:8 2 transporters, Mango's ghost, novice KoBe


Innate Abilities, Weirdness & Mutations

You reflexively headbutt those who attack you in melee.
You have a pair of horns on your head.


Message History

* * * LOW HITPOINT WARNING * * *
The anaconda constricts you.
The black mamba bites you but does no damage.
The anaconda barely misses you. You furiously retaliate!
You headbutt the anaconda!
* * * LOW HITPOINT WARNING * * *
The anaconda constricts you. You block the black mamba's attack.
As you read the scroll of teleportation, it crumbles to dust.
You feel strangely unstable. You block the anaconda's attack.
* * * LOW HITPOINT WARNING * * *
The anaconda constricts you. You block the black mamba's attack.
The anaconda bites you.
* * * LOW HITPOINT WARNING * * *
x2 The anaconda constricts you.
The black mamba barely misses you.
You feel better. You block the anaconda's attack.
* * * LOW HITPOINT WARNING * * *
The anaconda constricts you. You block the black mamba's attack.
The anaconda bites you!
* * * LOW HITPOINT WARNING * * *
You die...

.######......... .......
.PP..#......... ### ........
.............. ##.##........
............P#.######..##........
..............##.). #P..#........
..............##.. ###..#........
..............#).###.##..........
...P###P....P.##S##..............
###### #......##@S....##.........
.###P###......#......####........
##...##.......##.#####.P#........
###....#.......#####.............
.##......................†.......
####.#.......................<...
.##.#.##.........................
####..#..........................
.................................


You could see an anaconda and a black mamba.

Vanquished Creatures
  3 hydras
  An anaconda (Lair:4)
  A two-headed ogre (D:10)
  An unseen horror (D:10)
  A manticore (D:10)
  A cyclops (D:10)
  3 black mambas
  6 spiny frogs
  4 gargoyles
  4 komodo dragons
  4 hippogriffs
  A bog body (Lair:3)
  4 blink frogs (Lair:2)
  2 trolls
  6 spriggans (Lair:2)
  A wyvern (D:9)
  2 basilisks
  20 yaks
  A hungry ghost (D:8)
  10 water moccasins
  2 swamp worms (Lair:3)
  6 porcupines
  2 ice beasts
  An orc warrior (D:7)
  A sky beast (D:10)
  3 phantoms
  3 necrophages
  3 ogres
  5 wolves (Lair:1)
  4 centaurs
  3 crocodiles
  A big kobold (D:10)
  9 bullfrogs
  2 wyvern skeletons
  2 scorpions
  6 killer bees (D:9)
  4 howler monkeys
  7 wights
  2 electric eels (Lair:3)
  2 crimson imps
  A jelly (D:6)
  A quasit (D:7)
  A gnoll shaman (D:9)
  9 orc priests
  4 hounds
  12 orc wizards
  A centaur skeleton (D:6)
  3 iguanas (D:7)
  2 worker ants
  A killer bee zombie (D:7)
  A hound zombie (D:10)
  2 mummies (D:9)
  2 worker ant zombies
  16 gnolls
  A howler monkey zombie (D:9)
  18 adders
  A howler monkey skeleton (D:10)
  2 shadow imps
  An ooze (D:3)
  An adder zombie (D:9)
  3 adder skeletons
  2 worms (D:3)
  A dart slug (D:4)
  8 leopard geckos
  32 orcs
  5 ball pythons
  7 bats
  5 giant cockroaches
  5 goblins
  5 hobgoblins
  5 jackals (D:6)
  A quokka (D:10)
  5 frilled lizards
  A jackal skeleton (D:6)
  3 kobolds
  A quokka skeleton (D:6)
  6 rats
319 creatures vanquished.

Vanquished Creatures (others)
  A centaur (D:7)
  A kobold (D:10)
  2 fungi
  A plant (Lair:3)
5 creatures vanquished.

Grand Total: 324 creatures vanquished

Notes
Turn   | Place    | Note
-------+----------+-------------------------------------------
     0 | D:1      | Illumine the Minotaur Fighter began the quest for the Orb.
     0 | D:1      | Reached XP level 1. HP: 19/19 MP: 0/0
    97 | D:1      | Reached XP level 2. HP: 26/26 MP: 1/1
   165 | D:1      | Reached skill level 4 in Shields
   537 | D:3      | Reached XP level 3. HP: 28/31 MP: 2/2
   754 | D:3      | Reached XP level 4. HP: 39/39 MP: 3/3
   757 | D:3      | Found a sacrificial altar of Ru.
   765 | D:3      | Reached skill level 1 in Long Blades
   933 | D:3      | Reached skill level 5 in Shields
   984 | D:3      | Reached XP level 5. HP: 43/45 MP: 4/4
  1494 | D:4      | Found a staircase to the Ecumenical Temple.
  1502 | Temple   | Entered the Ecumenical Temple
  1611 | Temple   | Became a worshipper of Warmaster Okawaru
  1667 | D:4      | Reached XP level 6. HP: 46/51 MP: 5/5
  1894 | D:4      | Reached skill level 6 in Shields
  1979 | D:4      | Reached * piety under Okawaru
  1979 | D:4      | Reached skill level 5 in Long Blades
  2128 | D:4      | Reached XP level 7. HP: 56/57 MP: 4/6
  2455 | D:5      | Entered Level 5 of the Dungeon
  2480 | D:5      | Found Bifowilo's Magic Scroll Emporium.
  2590 | D:5      | Reached skill level 1 in Invocations
  2597 | D:5      | Found Orchai's General Store.
  2762 | D:5      | Found Kufrumu's Distillery.
  2772 | D:5      | Bought 2 potions of degeneration for 20 gold pieces
  2850 | D:5      | Found Meafikh's Antique Weapon Emporium.
  3363 | D:6      | Reached skill level 1 in Dodging
  3393 | D:6      | Reached ** piety under Okawaru
  3570 | D:6      | Reached skill level 7 in Shields
  3814 | D:6      | Reached XP level 8. HP: 61/66 MP: 7/9
  3868 | D:6      | Found a runed translucent gate.
  3868 | D:6      | Found a runed translucent gate.
  3871 | D:6      | Noticed Killsnake's ghost (novice HuHu)
  3872 | D:6      | Found a runed translucent gate.
  3874 | D:6      | Found a roughly hewn altar of Beogh.
  3882 | D:6      | Found a burning altar of Makhleb.
  4302 | D:7      | Reached skill level 5 in Armour
  4426 | D:7      | Reached skill level 5 in Fighting
  4444 | D:7      | Found a shadowy altar of Dithmenos.
  4648 | D:7      | Reached *** piety under Okawaru
  4958 | D:8      | Found a transporter.
  5067 | D:8      | Reached XP level 9. HP: 74/74 MP: 11/11
  5095 | D:8      | Found a transporter.
  5142 | D:8      | Noticed Mango's ghost (novice KoBe)
  5260 | D:8      | Noticed a gargoyle
  5268 | D:8      | Killed a gargoyle
  5268 | D:8      | Reached skill level 8 in Shields
  5268 | D:8      | Reached skill level 5 in Invocations
  5271 | D:8      | Noticed a gargoyle
  5278 | D:8      | Killed a gargoyle
  5278 | D:8      | Reached **** piety under Okawaru
  5342 | D:8      | Noticed a gargoyle
  5353 | D:8      | Killed a gargoyle
  5576 | D:9      | Noticed a troll
  5589 | D:9      | Killed a troll
  5701 | D:9      | Reached ***** piety under Okawaru
  5708 | D:9      | Reached XP level 10. HP: 84/84 MP: 13/13
  6139 | D:9      | Reached skill level 5 in Dodging
  6195 | D:9      | Received a gift from Okawaru
  6200 | D:9      | Reached skill level 9 in Shields
  6467 | D:10     | Entered Level 10 of the Dungeon
  6501 | D:10     | Noticed a two-headed ogre
  6501 | D:10     | Noticed a cyclops
  6519 | D:10     | Killed a two-headed ogre
  6554 | D:10     | Killed a cyclops
  7252 | D:10     | Noticed a manticore
  7262 | D:10     | Killed a manticore
  7461 | D:10     | Noticed a five-headed hydra
  7471 | D:10     | Killed an eight-headed hydra
  7471 | D:10     | Reached XP level 11. HP: 50/94 MP: 15/15
  7774 | D:10     | Found a staircase to the Lair.
  8038 | D:10     | Reached ****** piety under Okawaru
  8038 | D:10     | Reached skill level 10 in Long Blades
  8208 | D:10     | Killed an unseen horror
  8300 | Lair:1   | Entered Level 1 of the Lair of Beasts
  8350 | Lair:1   | Received a gift from Okawaru
  8440 | Lair:1   | Reached skill level 10 in Shields
  9270 | Lair:2   | Noticed a six-headed hydra
  9756 | Lair:2   | Reached skill level 11 in Shields
  9772 | Lair:2   | Killed a seven-headed hydra
  9772 | Lair:2   | Received a gift from Okawaru
  9772 | Lair:2   | Reached XP level 12. HP: 93/104 MP: 17/17
 10705 | Lair:3   | Noticed an eight-headed hydra
 10716 | Lair:3   | Killed a 12-headed hydra
 11053 | Lair:3   | Found a staircase to the Swamp.
 11119 | Lair:3   | Received a gift from Okawaru
 11361 | Lair:3   | Reached skill level 12 in Shields
 11672 | Lair:4   | Noticed an anaconda
 11672 | Lair:4   | Noticed an anaconda
 11689 | Lair:4   | Killed an anaconda
 11689 | Lair:4   | Reached skill level 10 in Armour
 11694 | Lair:4   | HP: 3/106 [anaconda (3)]
 11697 | Lair:4   | Slain by an anaconda

Skill      XL: |  1  2  3  4  5  6  7  8  9 10 11 12 |
---------------+-------------------------------------+-----
Axes           | 3 4 |  4.4
Shields        | 4 5 6 7 8 9 11 12 | 12.2
Long Blades    | 2 4 5 6 7 8 9 11 | 11.6
Invocations    | 2 4 6 7 8 9 |  9.2
Fighting       | 4 5 6 7 9 |  9.9
Armour         | 4 5 6 8 9 10 | 10.0
Dodging        | 1 3 4 6 7 8 |  8.2

Action                   |  1- 3 |  4- 6 |  7- 9 | 10-12 || total
-------------------------+-------+-------+-------+-------++-------
Melee: War axe           |    51 |       |       |       ||    51
       Headbutt          |    12 |    29 |    75 |   181 ||   297
       Falchion          |     4 |   190 |   377 |   788 ||  1359
Invok: Heroism           |       |       |       |     3 ||     3
Evoke: Wand              |       |       |       |    11 ||    11
  Use: Scroll            |       |     8 |     1 |     8 ||    17
       Potion            |       |       |       |     6 ||     6
  Eat: Ration            |     2 |       |     1 |     3 ||     6
       Chunk             |       |     1 |    11 |     9 ||    21
Armor: Scale mail        |     2 |       |       |       ||     2
       Chain mail        |    41 |    99 |   128 |   331 ||   599
Dodge: Dodged            |    16 |    31 |   104 |   211 ||   362
Block: Shield            |    35 |   119 |   262 |   326 ||   742
       Reflection        |       |       |     9 |    13 ||    22
       Large shield      |       |       |       |   410 ||   410
       Rpst.: Falchion   |     1 |     6 |    30 |    49 ||    86
